Construct Section Command Post
Construct Platoon Command Post
Construct Field Infirmary
6-pounder Anti-tank Gun Team
Construct Company Command Post
Selects Indian Artillery Battlegroup
Selects Artillery Saturation
Selects Off-map Airburst Barrage
Selects Artillery Saturation
Selects Gurkha Rifles Section
Selects Volunteer Infantry
Unlock Towed 17-pounder Anti-tank Guns
Unlock Bishop Self-propelled Artillery
Bishop Self-propelled Artillery
17-pounder Anti-tank Gun Team
Selects Off-map Airburst Barrage
Selects BL5.5 Artillery Emplacement